 Dungeon Crawl Stone Soup version 0.28.0-43-g3370ac3207 (webtiles) character file.

Game seed: 1079930626084385602

34297 Peloso the Fencer (level 13, -6/116 HPs)
             Began as a Minotaur Fighter on Mar 22, 2022.
             Was the Champion of Okawaru.
             Mangled by an orc warrior
             ... wielding a +0 halberd
             ... led by an orc warlord
              (13 damage)
             ... while paralysed by an orc sorcerer
             ... on level 1 of the Orcish Mines.
             The game lasted 00:32:12 (18666 turns).

Peloso the Fencer (Minotaur Fighter)               Turns: 18666, Time: 00:32:12

Health: -6/116     AC: 19    Str: 28    XL:     13   Next: 41%
Magic:  12/13      EV:  2    Int:  5    God:    Okawaru [******]
Gold:   768        SH:  0    Dex: 18    Spells: 12/12 levels left

rFire   . . .      SeeInvis .   a - +0 long sword (elec)
rCold   + . .      Faith    .   c - +0 kite shield
rNeg    . . .      Spirit   .   U - +1 chain mail of Okawaru's Approval {rC+ Will+ Str+4}
rPois   .          Reflect  .   (helmet restricted)
rElec   .          Harm     .   t - +0 cloak
rCorr   .          Rampage  .   (no gloves)
Will    +....                   p - +0 pair of boots
Stlth   +.........              (no amulet)
HPRegen 0.29/turn               e - +6 ring of dexterity
MPRegen 0.13/turn               (no ring)

@: paralysed, heroic
A: horns 2, retaliatory headbutt
a: Renounce Religion, Heroism, Finesse, Duel


You were on level 1 of the Orcish Mines.
You worshipped Okawaru.
Okawaru was exalted by your worship.
You visited 4 branches of the dungeon, and saw 17 of its levels.
You also visited: Sewer.

You collected 937 gold pieces.
You spent 169 gold pieces at shops.

Inventory:

Hand Weapons
 a - a +0 long sword of electrocution (weapon)
 P - the +6 rapier of Gozag {vamp, Str+4}
   (You took it off a centaur warrior on level 8 of the Dungeon)

   It occasionally heals its wielder for a portion of the damage dealt when it
   wounds a living foe.
   Str:       It affects your strength (+4).
Missiles
 N - 5 throwing nets (quivered)
Armour
 b - a +0 scale mail
 c - a +0 kite shield (worn)
 p - a +0 pair of boots (worn)
 t - a +0 cloak (worn)
 z - the +1 chain mail of Indecent Exposure {Rampage}
   (You found it on level 6 of the Dungeon)

   Rampage:   It bestows one free step when moving towards enemies.
 K - a +2 chain mail of fire resistance
 T - quicksilver dragon scales
 U - the +1 chain mail of Okawaru's Approval (worn) {rC+ Will+ Str+4}
   (Okawaru gifted it to you on level 1 of the Lair of Beasts)

   Str:       It affects your strength (+4).
   rC:        It protects you from cold.
   Will:      It increases your willpower.
Jewellery
 e - a +6 ring of dexterity (left hand)
 f - a ring of magical power
 J - a ring of protection from fire
 O - an amulet of guardian spirit
 Q - a ring of ice
 R - a ring of fire
 V - a ring of flight
Wands
 i - a wand of polymorph (14)
 S - a wand of iceblast (11)
Scrolls
 d - a scroll of amnesia
 j - a scroll of brand weapon
 o - 2 scrolls of magic mapping
 w - 2 scrolls of silence
 x - 2 scrolls of noise
 y - a scroll of immolation
 A - 2 scrolls of teleportation
 C - a scroll of holy word
 D - 3 scrolls of fear
 F - 2 scrolls of enchant weapon
 G - 2 scrolls of fog
 L - 2 scrolls of enchant armour
 W - a scroll of blinking
Potions
 g - a potion of heal wounds
 h - a potion of magic
 k - 6 potions of mutation
 m - 4 potions of haste
 n - 4 potions of flight
 q - 5 potions of might
 r - 2 potions of lignification {unknown}
 v - 4 potions of brilliance {unknown}
 B - 2 potions of cancellation {unknown}
 E - 2 potions of resistance {unknown}
 H - 2 potions of curing
 I - 3 potions of attraction {unknown}
 M - a potion of berserk rage {unknown}


   Skills:
 + Level 11.6(16.6) Fighting
 + Level 15.1(20.1) Long Blades
 + Level 13.7(18.7) Armour
 + Level 5.6(10.6) Dodging
 + Level 2.5(7.5) Stealth
 + Level 13.8(18.8) Shields
 + Level 2.0 Invocations
 + Level 2.3 Evocations


You had 12 spell levels left.
You didn't know any spells.
Your spell library contained the following spells:

 Spells                   Type           Power      Damage    Failure   Level
 Foxfire                  Conj/Fire      0%         2x1d4     93%         1
 Pain                     Necr           0%         1d4       93%         1
 Sting                    Tmut/Pois      0%         1d3       93%         1
 Poisonous Vapours        Pois/Air       0%         N/A       98%         2
 Conjure Flame            Conj/Fire      0%         6-21      100%        3
 Dazzling Flash           Conj/Hex       0%         N/A       100%        3
 Frozen Ramparts          Ice            0%         1d2       100%        3
 Inner Flame              Hex/Fire       0%         N/A       100%        3
 Ozocubu's Armour         Ice            0%         N/A       100%        3
 Vampiric Draining        Necr           0%         2d6       100%        3
 Flame Wave               Conj/Fire      0%         2d4       100%        4
 Hailstorm                Conj/Ice       0%         3d3       100%        4
 Ice Form                 Ice/Tmut       0%         N/A       100%        4
 Iskenderun's Mystic Bla  Conj/Tloc      0%         2d3       100%        4
 Olgreb's Toxic Radiance  Pois           0%         N/A       100%        4
 Borgnjor's Vile Clutch   Necr/Erth      0%         N/A       100%        5
 Fireball                 Conj/Fire      0%         3d3       100%        5
 Iskenderun's Battlesphe  Conj           0%         2d6       100%        5
 Conjure Ball Lightning   Conj/Air       0%         3x3d6     100%        6
 Starburst                Conj/Fire      0%         6d3       100%        6
 Orb of Destruction       Conj           0%         9d5       100%        7
 Ozocubu's Refrigeration  Ice            0%         4d5       100%        7
 Storm Form               Tmut/Air       0%         N/A       100%        7
 Maxwell's Capacitive Co  Air            0%         ∞         100%        8
 Animate Skeleton         Necr           Unusable   N/A       N/A         1
 Animate Dead             Necr           Unusable   N/A       N/A         4
 Summon Ice Beast         Ice/Summ       Unusable   N/A       N/A         4
 Summon Lightning Spire   Summ/Air       Unusable   N/A       N/A         4
 Death Channel            Necr           Unusable   N/A       N/A         6
 Simulacrum               Ice/Necr       Unusable   N/A       N/A         6

Dungeon Overview and Level Annotations

Branches:
Dungeon (12/15)            Temple (1/1) D:4            Lair (3/6) D:9
 Shoals (0/4) Lair:3        Snake (0/4) Lair:2          Orc (1/2) D:9
  Sewer (visited)

Altars:
Ashenzari
Cheibriados
Dithmenos
Elyvilon
Fedhas
Gozag
Hepliaklqana
Kikubaaqudgha
Makhleb
Nemelex Xobeh
Okawaru
Qazlal
Ru
Sif Muna
Trog
Uskayaw
Vehumet
Wu Jian
Xom
Yredelemnul
Zin
The Shining One
Lugonu

Shops:
D:8 (   D:9 [

Portals:
Abyss: Lair:2
Trove: D:10 (give 6 scrolls of blinking)

Annotations:
D:4 2 transporters, Kaiern's ghost, novice MiHu
Lair:2 2 transporters, Sobaton's ghost, journeyman TrFi


Innate Abilities, Weirdness & Mutations

You have a pair of horns on your head.
You reflexively headbutt those who attack you in melee.


Message History

Okawaru accepts your kill. Okawaru grants you armour!
Something appears at your feet!
You see here the +0 scale mail of Peloso's Courage {Harm +Blink}.
The hellwing disappears in a puff of smoke!
The orange demon disappears in a puff of smoke!
The orc warrior closely misses you.
The orc warrior hits you from afar with a +0 halberd!
* * * LOW HITPOINT WARNING * * *
You hit the orc sorcerer.
The orc sorcerer is moderately wounded.
The orc sorcerer casts a spell at you. You resist with almost no effort.
The orc warrior hits you with a +0 short sword.
* * * LOW HITPOINT WARNING * * *
Unknown command.
You barely miss the orc sorcerer.
The orc sorcerer is lightly wounded.
The orc warrior misses you.
The orc sorcerer hits you but does no damage.
The orc warrior closely misses you. You furiously retaliate!
You headbutt the orc warrior!
Unknown command.
You hit the orc sorcerer. Your headbutt misses the orc sorcerer.
The orc sorcerer is lightly wounded.
You block the orc warrior's attack.
The orc sorcerer points at you and mumbles some strange words.
You suddenly lose the ability to move!
The orc warrior hits you with a +0 short sword.
* * * LOW HITPOINT WARNING * * *
The orc warrior hits you from afar with a +0 halberd.
* * * LOW HITPOINT WARNING * * *
The orc sorcerer hits you but does no damage.
The orc warrior hits you but does no damage.
The orc warrior barely misses you.
The orc sorcerer hits you with a +0 dagger.
* * * LOW HITPOINT WARNING * * *
The orc warrior hits you but does no damage.
The orc warrior hits you from afar with a +0 halberd!
You die...

### ##### ## #.### ...## ###.#
####.#.## ###...# #.....
##.#.....# ###.<[..### #......
#........####.##o)o.#.###.......
###........#...o@......#........
................)#..............
.................##.............
....##........)..#.#.........##.
....###.........####........##
...###........).##.#........##
..........##....o............##
..........#............[.......
..........##..§........###......


You could see an orc sorcerer and 2 orc warriors.

Vanquished Creatures
  Gastronok (Lair:1)
  An ettin (Orc:1)
  2 hydras
  2 centaur warriors
  3 two-headed ogres
  2 deep elf pyromancers (D:12)
  A wolf spider (shapeshifter) (D:8)
  An ugly thing (D:12)
  An orc sorcerer (Orc:1)
  5 cyclopes
  A salamander (Lair:2)
  A manticore (D:12)
  Joseph (D:8)
  3 black mambas
  6 cane toads
  A torpor snail (Lair:2)
  A kobold demonologist (D:8)
  3 unseen horrors
  9 komodo dragons
  4 trolls
  A polar bear (Lair:3)
  2 hornets
  4 dream sheep (Lair:2)
  5 blink frogs (Lair:3)
  A wraith (D:12)
  24 yaks
  2 shadows
  2 wyverns (D:9)
  A basilisk (Lair:3)
  2 acid dragons
  16 water moccasins
  3 sky beasts
  10 orc warriors
  2 black bears
  2 ice beasts
  A necrophage (D:8)
  6 ogres
  10 centaurs
  8 kobold brigands
  9 bullfrogs
  A gnoll sergeant (D:9)
  A wyvern zombie (D:8)
  2 water moccasin zombies
  3 scorpions
  2 killer bees (D:8)
  6 wights
  5 howler monkeys
  10 centaur zombies
  5 orc priests
  2 gnoll shamans
  4 iguanas
  14 orc wizards
  A hound skeleton (D:5)
  A howler monkey zombie (D:8)
  14 gnolls
  A howler monkey skeleton (D:7)
  10 adders
  3 river rats (D:6)
  A shadow imp (D:7)
  3 white imps
  4 worms (D:6)
  A dart slug (D:1)
  38 orcs
  5 endoplasms
  4 giant cockroaches
  3 goblins (D:2)
  4 hobgoblins
  5 jackals
  A quokka (D:3)
  8 ball pythons
  8 bats
  A frilled lizard (D:3)
  23 kobolds
  5 rats
359 creatures vanquished.

Vanquished Creatures (others)
  A vampire (D:12)
  An orc (Orc:1)
  27 fungi
  28 plants
57 creatures vanquished.

Grand Total: 416 creatures vanquished

Notes
Turn   | Place    | Note
-------+----------+-------------------------------------------
     0 | D:1      | Peloso the Minotaur Fighter began the quest for the Orb.
     0 | D:1      | Reached XP level 1. HP: 19/19 MP: 0/0
   201 | D:1      | Reached XP level 2. HP: 27/27 MP: 1/1
   976 | D:2      | Reached XP level 3. HP: 24/33 MP: 2/2
  1840 | D:3      | Reached skill level 3 in Long Blades
  1869 | D:3      | Found a bloodstained altar of Trog.
  1920 | D:3      | Reached XP level 4. HP: 31/40 MP: 3/3
  2276 | D:3      | Found a radiant altar of Vehumet.
  2454 | D:3      | Reached skill level 1 in Stealth
  2666 | D:4      | Found a transporter.
  2667 | D:4      | Found a transporter.
  2731 | D:4      | Noticed an ogre
  2749 | D:4      | Noticed an ogre
  2750 | D:4      | Identified the +8 halberd of Circularity {pain, rF+ Will+}
  2753 | D:4      | Noticed a scorpion
  2769 | D:4      | Killed a scorpion
  2770 | D:4      | Reached skill level 1 in Dodging
  2770 | D:4      | Reached XP level 5. HP: 33/46 MP: 4/4
  2774 | D:4      | Killed an ogre
  2775 | D:4      | Reached skill level 4 in Long Blades
  2775 | D:4      | Reached skill level 5 in Armour
  3093 | D:4      | Killed an ogre
  3094 | D:4      | Reached skill level 5 in Long Blades
  3094 | D:4      | Reached skill level 5 in Shields
  3094 | D:4      | Reached XP level 6. HP: 25/52 MP: 5/5
  3456 | D:4      | Found a staircase to the Ecumenical Temple.
  3474 | Temple   | Entered the Ecumenical Temple
  3499 | Temple   | Became a worshipper of Warmaster Okawaru
  3632 | D:4      | Noticed Kaiern's ghost (novice MiHu)
  3706 | D:5      | Entered Level 5 of the Dungeon
  3790 | D:5      | Noticed a sky beast
  3816 | D:5      | Killed a sky beast
  3895 | D:5      | Reached XP level 7. HP: 60/60 MP: 6/6
  4007 | D:5      | Reached skill level 6 in Long Blades
  4328 | D:6      | Identified the +1 chain mail of Indecent Exposure {Rampage}
  4359 | D:6      | Reached * piety under Okawaru
  4462 | D:6      | Reached skill level 7 in Long Blades
  4512 | D:6      | Noticed a yak
  4512 | D:6      | Noticed a yak
  4513 | D:6      | Noticed a yak
  4514 | D:6      | Noticed a yak
  4529 | D:6      | Killed a yak
  4530 | D:6      | Reached skill level 5 in Fighting
  4530 | D:6      | Reached XP level 8. HP: 68/68 MP: 4/7
  4535 | D:6      | Reached ** piety under Okawaru
  4541 | D:6      | Reached skill level 8 in Long Blades
  4610 | D:6      | Found a glowing drain.
  4618 | Sewer    | Entered a sewer
  4937 | Sewer    | Reached skill level 9 in Long Blades
  5162 | Sewer    | Reached *** piety under Okawaru
  5163 | Sewer    | Reached XP level 9. HP: 69/75 MP: 6/8
  5317 | D:6      | Found a sparkling altar of Nemelex Xobeh.
  5752 | D:6      | Found an opulent altar of Gozag.
  5754 | D:6      | Found a shimmering blue altar of Sif Muna.
  5756 | D:6      | Found a basalt altar of Yredelemnul.
  5757 | D:6      | Found an ornate altar of the Wu Jian Council.
  5760 | D:6      | Found a broken altar of Ashenzari.
  6103 | D:7      | Reached skill level 10 in Long Blades
  6303 | D:7      | Found a hazy altar of Hepliaklqana.
  6458 | D:7      | Found a hide-covered altar of Uskayaw.
  6551 | D:8      | Found Udoatz's Antique Weapon Boutique.
  6568 | D:8      | Bought a runed long sword for 169 gold pieces
  6919 | D:8      | Noticed a cyclops
  6922 | D:8      | Noticed a two-headed ogre
  6934 | D:8      | Killed a two-headed ogre
  6934 | D:8      | Reached **** piety under Okawaru
  6935 | D:8      | Reached skill level 11 in Long Blades
  6942 | D:8      | Reached XP level 10. HP: 51/84 MP: 7/9
  6967 | D:8      | Noticed a salamander
  6989 | D:8      | Noticed a two-headed ogre
  7254 | D:9      | Reached skill level 1 in Invocations
  7289 | D:9      | Identified the +3 battleaxe "Gupops" {antimagic, rElec rN+}
  7792 | D:9      | Reached skill level 12 in Long Blades
  7878 | D:9      | Found a staircase to the Lair.
  7893 | D:9      | Found Beffumem's Specialty Armours.
  7954 | D:9      | Noticed a cyclops
  7958 | D:9      | Killed a cyclops
  7958 | D:9      | Reached ***** piety under Okawaru
  7989 | D:9      | Found a staircase to the Orcish Mines.
  8349 | D:10     | Entered Level 10 of the Dungeon
  8784 | D:10     | Identified the +3 quarterstaff of Boupt {pain, +Blink Int+7
                  | Dex-3}
  8830 | D:10     | Reached skill level 13 in Long Blades
  8830 | D:10     | Reached skill level 10 in Armour
  8830 | D:10     | Reached XP level 11. HP: 77/94 MP: 10/10
  8837 | D:10     | Received a gift from Okawaru
  8850 | D:10     | Reached skill level 10 in Shields
  9164 | D:10     | Found a shadowy altar of Dithmenos.
  9368 | D:10     | Found a white marble altar of Elyvilon.
  9369 | D:10     | Found a shimmering altar of Xom.
  9369 | D:10     | Found a stormy altar of Qazlal.
  9521 | D:10     | Found a portal to a secret trove of treasure.
 11055 | D:8      | Reached skill level 14 in Long Blades
 11183 | D:8      | Identified the +6 rapier of Gozag {vamp, Str+4}
 11183 | D:8      | Noticed a centaur warrior
 11206 | D:8      | Killed a centaur warrior
 11206 | D:8      | Received a gift from Okawaru
 11207 | D:8      | Noticed Joseph
 11214 | D:8      | Killed Joseph
 11548 | D:8      | Paralysed by a hornet for 2 turns
 11564 | D:8      | Killed a two-headed ogre
 11611 | D:8      | Received a gift from Okawaru
 11832 | D:8      | Reached XP level 12. HP: 76/104 MP: 12/12
 11906 | D:8      | Noticed a great orb of eyes
 11914 | D:8      | Noticed a satyr
 11914 | D:8      | a great orb of eyes changed into a satyr
 11916 | D:8      | a satyr changed into a wolf spider
 12573 | Lair:1   | Entered Level 1 of the Lair of Beasts
 12848 | Lair:1   | Noticed Gastronok
 12884 | Lair:1   | Killed Gastronok
 12999 | Lair:1   | Identified the +1 chain mail of Okawaru's Approval {rC+
                  | Will+ Str+4} (Okawaru gifted it to you on level 1 of the
                  | Lair of Beasts)
 12999 | Lair:1   | Received a gift from Okawaru
 13000 | Lair:1   | Reached skill level 10 in Fighting
 13598 | Lair:2   | Noticed a rakshasa
 13599 | Lair:2   | Found a transporter.
 13609 | Lair:2   | Found a one-way gate to the infinite horrors of the Abyss.
 13609 | Lair:2   | Noticed Sobaton's ghost (journeyman TrFi)
 13742 | Lair:2   | Found a staircase to the Snake Pit.
 14509 | Lair:2   | Found a transporter.
 14630 | Lair:2   | Noticed a seven-headed hydra
 14647 | Lair:2   | Killed a seven-headed hydra
 15048 | Lair:3   | Noticed a six-headed hydra
 15054 | Lair:3   | Killed a six-headed hydra
 15055 | Lair:3   | Reached skill level 1 in Evocations
 15204 | Lair:3   | Reached skill level 5 in Dodging
 15288 | Lair:3   | Found a staircase to the Shoals.
 15900 | Lair:3   | Reached XP level 13. HP: 81/116 MP: 13/13
 16788 | D:12     | Reached skill level 15 in Long Blades
 16805 | D:12     | Reached ****** piety under Okawaru
 17728 | Orc:1    | Entered Level 1 of the Orcish Mines
 17733 | Orc:1    | Noticed an ettin
 17742 | Orc:1    | Killed an ettin
 18651 | Orc:1    | Paralysed by an orc sorcerer for 6 turns
 18660 | Orc:1    | Identified the +0 scale mail of Peloso's Courage {Harm
                  | +Blink} (Okawaru gifted it to you on level 1 of the Orcish
                  | Mines)
 18660 | Orc:1    | Received a gift from Okawaru
 18663 | Orc:1    | Paralysed by an orc sorcerer for 7 turns
 18666 | Orc:1    | Mangled by an orc warrior

Illustrated notes

Levels and vault maps discovered:
D:1:      elethiomel_arrival_infinity_welcomes_careful_drivers, layout_basic,
          grunt_decor_junction, lemuel_old_faithful
D:2:      layout_loops_ring, serial_forest, infiniplex_forest_clump_C,
          infiniplex_forest_lined_4_way, infiniplex_forest_lined_ring,
          infiniplex_forest_end_1, infiniplex_forest_straight_4,
          infiniplex_forest_end_1
D:3:      layout_rooms, nicolae_vehumet_altar_sigil, lightli_temple_of_fire,
          serial_park_tiny_2
D:4:      layout_rooms, minmay_temple_entry_nine_rooms,
          gammafunk_ghost_gnarly_gnolls
D:5:      layout_rooms, st_stairs_7, kennysheep_generic_room_8
D:6:      layout_basic, kennysheep_mini, grunt_temple_overflow_open,
          lightli_sewer_entry_pipes, grunt_ministairs_7
D:7:      layout_rooms, eat_drink_and_be_merry_uskayaw,
          mainiacjoe_overflow_alcove_4
D:8:      minmay_the_grid_octo_tiled_octocenter
          [minmay_the_grid_octo_thin_diamonds,
          minmay_the_grid_octo_tetromino_candy, minmay_the_grid_octo_focus,
          minmay_the_grid_octo_chip,
          minmay_the_grid_octo_prize_ultimate_mussel_roller,
          minmay_the_grid_square_5x5_inner_z, minmay_the_grid_square_5x5_bite,
          minmay_the_grid_square_5x5_spiral, minmay_the_grid_square_5x5_n],
          layout_basic, serial_shops, shop, uniq_joseph
D:9:      layout_loops_ring, grunt_lair_entry_orc_guard_hut,
          nicolae_barding_shop
D:10:     layout_roguey, grunt_dithmenos_shadows, minitemple,
          nicolae_trove_entry_columns
D:11:     layout_rooms
D:12:     layout_roguey
Temple:   corrupted_temple
Lair:1:   layout_cave_shapes, uniq_gastronok
Lair:2:   layout_gridlike, minmay_snake_entry_six_corridors,
          gammafunk_ghost_abyssal_escape
Lair:3:   layout_roguey, shoals_dummy_entry, beast_lair_carwin_9
Orc:1:    layout_diamond_mine, gammafunk_ghost_fury_of_okawaru, serial_shops,
          basic_altar

Skill      XL: |  1  2  3  4  5  6  7  8  9 10 11 12 13 |
---------------+----------------------------------------+-----
Shields        | 4 5 6 8 9 11 13 | 13.8
Armour         | 4 5 6 7 8 10 11 12 13 | 13.7
Long Blades    | 3 5 7 9 11 13 14 15 | 15.1
Stealth        | 1 2 |  2.5
Fighting       | 4 5 6 7 9 11 | 11.6
Dodging        | 1 2 3 4 5 |  5.6
Invocations    | 1 2 |  2.0
Evocations     | 2 |  2.3

Action                   |  1- 3 |  4- 6 |  7- 9 | 10-12 | 13-15 || total
-------------------------+-------+-------+-------+-------+-------++-------
Melee: Long sword        |    82 |    74 |   282 |   759 |   183 ||  1380
       Headbutt          |     9 |    14 |    56 |   203 |    41 ||   323
Invok: Heroism           |       |       |     3 |    15 |     4 ||    22
Evoke: Wand              |       |       |       |    17 |     5 ||    22
  Use: Scroll            |     3 |       |     7 |     9 |     4 ||    23
       Potion            |     1 |     1 |       |     5 |     1 ||     8
Armor: Scale mail        |    50 |     3 |       |       |       ||    53
       Chain mail        |       |    26 |   145 |   396 |    82 ||   649
Dodge: Dodged            |    39 |    18 |    89 |   232 |    61 ||   439
Block: Buckler           |    30 |     3 |       |       |       ||    33
       Kite shield       |       |    21 |   192 |   443 |   115 ||   771
